 Dungeon Crawl Stone Soup version 0.22-a0-377-g846bec1 (webtiles) character file.

39 puppykicker the Vexing (level 3, 0/26 HPs)
             Began as a Formicid Arcane Marksman on Apr 27, 2018.
             Slain by Jessica
             ... wielding a +0 club
              (2 damage)
             ... on level 2 of the Dungeon.
             The game lasted 00:04:23 (1903 turns).

puppykicker the Vexing (Formicid Arcane Marksman)   Turns: 1903, Time: 00:04:25

Health: 0/26       AC:  2    Str: 19    XL:     3   Next: 70%
Magic:  5/5        EV: 12    Int: 18    God:
Gold:   93         SH:  0    Dex: 11    Spells: 1/4 levels left

rFire    + . .     SeeInvis +   a - +0 mace
rCold    . . .     Gourm    .   (no shield)
rNeg     . . .     Faith    .   e - +0 robe
rPois    .         Spirit   .   (helmet unavailable)
rElec    .         Reflect  .   (no cloak)
rCorr    .         Harm     .   (no gloves)
MR       .....                  (no boots)
Stlth    +.........             (no amulet)
HPRegen  0.08/turn              r - ring of protection from fire
MPRegen  0.09/turn              q - +5 ring of intelligence

@: mighty, flying
A: permanent stasis, dig shafts and tunnels, four strong arms, antennae 3
a: Dig, Shaft Self


You were on level 2 of the Dungeon.
You were not hungry.

You visited 1 branch of the dungeon, and saw 2 of its levels.

You collected 93 gold pieces.


Innate Abilities, Weirdness & Mutations

You cannot be hasted, slowed, berserked, paralysed or teleported.
You can dig through walls and to a lower floor.
Your four strong arms can wield two-handed weapons with a shield.
You have a pair of large antennae on your head. (SInv)


   Skills:
 - Level 1.1 Fighting
 * Level 3.1 Crossbows
 - Level 1.7 Dodging
 + Level 1.4 Spellcasting
 + Level 4.1 Hexes


You had one spell level left.
You knew the following spells:

 Your Spells              Type           Power        Failure   Level  Hunger
a - Corona                Hex            ###....      3%          1    ##.....
b - Slow                  Hex            ###.....     5%          2    ###....

Inventory:

Hand Weapons
 a - a +0 mace (weapon)
 b - a +0 hand crossbow
Missiles
 d - 12 bolts
 g - 20 poisoned needles
 n - 6 javelins (quivered)
Armour
 e - a +0 robe (worn)
Jewellery
 q - a +5 ring of intelligence (right hand)
 r - a ring of protection from fire (left hand)
Scrolls
 h - a scroll of magic mapping {unknown}
 k - a scroll of blinking {unknown}
 l - 2 scrolls of fog {unknown}
 o - a scroll of remove curse {unknown}
 p - a scroll of immolation {unknown}
 s - a scroll of noise {unknown}
 t - a scroll of identify {unknown}
Potions
 c - a potion of berserk rage {unknown}
 i - a potion of curing {unknown}
 j - a potion of might
Comestibles
 f - 3 rations
 u - 3 chunks of flesh {@w1}

Dungeon Overview and Level Annotations

Branches:
Dungeon (2/15)

Altars:

Annotations:
D:2 Jessica, Sigmund

### ..# #.# #.#
#.###.###################
#>.......................
#.###.###################
#..@@.# .. #......@#S# ..
...#.#.#.#g# .. #
#.#.....# .. # ....... ..
#....... ## #........
#......... #.........


You could see Sigmund, an adder, Jessica and a goblin.


Message History

You feel less confused.
Sigmund laughs darkly.
Sigmund hits you but does no damage.
You hit Sigmund.
Sigmund is lightly wounded.
The adder bites you but does no damage. Sigmund gestures at you while chanting.
The magic dart hits you!
You completely miss Sigmund.
Sigmund is lightly wounded.
Jessica gestures wildly while chanting.
Jessica blinks!
The adder misses you. Sigmund closely misses you. The adder bites you.
You sock Sigmund!
Sigmund is heavily wounded.
The adder closely misses you. Sigmund hits you with a scythe!
* * * LOW HITPOINT WARNING * * *
Unknown command.
It was a potion of magic.
Magic courses through your body. The adder bites you but does no damage.
Jessica casts a spell.
Jessica seems to speed up.
The adder closely misses you.
It was a potion of flight.
You feel very buoyant.
You fly up into the air.
Jessica hits you with a club.
* * * LOW HITPOINT WARNING * * *
Sigmund hits you with a scythe.
* * * LOW HITPOINT WARNING * * *
The adder bites you but does no damage. Jessica hits you with a club.
You die...

Action                   || total
-------------------------++-------
Melee: Mace              ||    52
 Fire: Hand crossbow     ||    32
 Cast: Slow              ||     6
       Corona            ||     6
  Use: Potion            ||     3
 Stab: Sleeping          ||     1
  Eat: Chunk             ||     4
Armor: Robe              ||    25
Dodge: Dodged            ||    58

Vault maps used:
D:1:      dpeg_arrival_three_smaller_balls, hangedman_abyss_or_decor_stabs
D:2:      uniq_sigmund, uniq_jessica

Notes
Turn   | Place    | Note
-------+----------+-------------------------------------------
     0 | D:1      | puppykicker the Formicid Arcane Marksman began the quest for the Orb.
     0 | D:1      | Reached XP level 1. HP: 15/15 MP: 2/2
   174 | D:1      | Reached XP level 2. HP: 16/21 MP: 3/3
   192 | D:1      | Learned a level 2 spell: Slow
   768 | D:1      | Reached skill level 4 in Hexes
  1262 | D:1      | Reached XP level 3. HP: 24/26 MP: 0/4
  1477 | D:2      | Reached skill level 3 in Crossbows
  1889 | D:2      | Noticed Jessica
  1890 | D:2      | Noticed Sigmund
  1903 | D:2      | HP: 2/26 [Sigmund/scythe (2)]
  1903 | D:2      | Slain by Jessica

Vanquished Creatures
  An adder (D:2)
  A dart slug (D:1)
  A leopard gecko (D:1)
  A ball python (D:1)
  2 bats (D:1)
  7 goblins
  A hobgoblin (D:2)
  2 kobolds
  3 frilled lizards
  10 rats (D:1)
29 creatures vanquished.
